 Dungeon Crawl Stone Soup version 0.30-a0-459-g9104f0fc43 (webtiles) character file.

Game seed: 12626426981597435805

81 snetch the Trooper (level 4, -3/41 HPs)
             Began as a Hill Orc Fighter on Dec 15, 2022.
             Slain by a gnoll
             ... wielding a +0 flail
             ... led by a gnoll bouda
              (9 damage)
             ... on level 2 of the Dungeon.
             The game lasted 00:04:08 (1547 turns).

snetch the Trooper (Hill Orc Fighter)               Turns: 1547, Time: 00:04:09

Health: -3/41      AC:  8    Str: 20    XL:     4   Next: 40%
Magic:  4/4        EV:  9    Int:  8    God:
Gold:   69         SH:  0    Dex: 10    Spells: 3/3 levels left

rFire   + . .      SeeInvis .    a - +0 war axe
rCold   . . .      Faith    .    e - orb {light}
rNeg    . . .      Spirit   .    b - +0 scale mail
rPois   .          Reflect  .    v - +0 helmet
rElec   .          Harm     .    (no cloak)
rCorr   .          Rampage  .    (no gloves)
Will    .....                    (no boots)
Stlth   ..........               (no amulet)
HPRegen 0.26/turn                w - ring of protection from fire
MPRegen 0.09/turn                (no ring)

@: glowing
A: no striking features
a: no special abilities


You were on level 2 of the Dungeon.
You visited 1 branch of the dungeon, and saw 3 of its levels.

You collected 69 gold pieces.

Inventory:

Hand Weapons
 a - a +0 war axe (weapon)
 s - a +0 battleaxe
Missiles
 h - 7 poisoned darts (quivered)
 y - 5 stones
Armour
 b - a +0 scale mail (worn)
 c - a +0 buckler
 e - an orb of light (worn)
 k - a +0 plate armour
 v - a +0 helmet (worn)
Magical Staves
 o - a staff of poison
Jewellery
 t - a ring of ice
 w - a ring of protection from fire (left hand)
Scrolls
 i - 3 scrolls of identify {unknown}
 j - 2 scrolls of teleportation {unknown}
 l - a scroll of fog {unknown}
 q - 2 scrolls of blinking {unknown}
 u - a scroll of torment {unknown}
 z - a scroll of amnesia {unknown}
 A - 3 scrolls of immolation {unknown}
Potions
 d - a potion of might
 f - a potion of haste {unknown}
 g - 2 potions of curing {unknown}
 m - a potion of lignification {unknown}
 n - a potion of resistance {unknown}
 p - a potion of attraction {unknown}
 r - 2 potions of flight {unknown}
 x - a potion of mutation {unknown}


   Skills:
 + Level 4.4 Fighting
 + Level 3.3 Axes
 + Level 4.1 Armour
 + Level 0.8 Stealth
 + Level 3.7 Shields


You had 3 spell levels left.
You didn't know any spells.
Your spell library was empty.

Dungeon Overview and Level Annotations

Branches:
Dungeon (3/15)

Altars:


Message History

There is a stone staircase leading up here.
You hit the gnoll.
The gnoll is moderately wounded.
The gnoll hits you with a +0 club. The gnoll barely misses you.
The gnoll hits you with a +0 club.
You climb upwards.
There is a stone staircase leading down here.
You barely miss the gnoll.
The gnoll is moderately wounded.
The gnoll closely misses you.
You slash the gnoll!
You kill the gnoll!
Things that are here:
a +0 club; a +0 spear; a gnoll corpse
There is a stone staircase leading down here.
You start resting.
HP restored.
You climb downwards.
The gnoll hits you with a +0 flail. x2
The gnoll barely misses you. The gnoll hits you with a +0 flail!
There is a stone staircase leading up here.
The gnoll hits you but does no damage. The gnoll hits you with a +0 flail.
You climb upwards.
There is a stone staircase leading down here.
You hit the gnoll.
The gnoll is moderately wounded.
You hit the gnoll but do no damage. The gnoll hits you with a +0 flail.
The gnoll barely misses you.
You completely miss the gnoll.
The gnoll is moderately wounded.
You hit the gnoll. The gnoll hits you with a +0 flail. x2
The gnoll hits you with a +0 flail!
* * * LOW HITPOINT WARNING * * *
The gnoll hits you with a +0 flail.
* * * LOW HITPOINT WARNING * * *
You slash the gnoll!
You kill the gnoll!
You barely miss the gnoll. The gnoll barely misses you.
Unknown command.
You hit the gnoll but do no damage. The gnoll hits you with a +0 flail!
You die...

.......#♣.....♣ #...##.#..##
.......#♣.#.#.♣#######........##
.....[.'...#...'.....)....#####
.......#♣.#.#.♣########...#
....[..#♣.....♣ ##...#
.......#♣♣♣.♣♣♣ #....######
######## ##+#### #.#.......##
#.....#######.##....#...
#.....)@......#####.####
#.....##g÷.[.## #..# #
#.....###)...# ##.### #.....#
#....# #.... ####### #....#
##### #....# #######.##
#.......# #.......#


You could see a gnoll.

Vanquished Creatures
  An adder (D:2)
  4 gnolls
  2 endoplasms
  2 giant cockroaches
  3 goblins
  4 hobgoblins
  5 jackals
  2 quokkas
  A ball python (D:1)
  2 bats
  2 frilled lizards
  2 rats (D:1)
30 creatures vanquished.

Vanquished Creatures (others)
  11 plants (D:3)
11 creatures vanquished.

Grand Total: 41 creatures vanquished

Notes
Turn   | Place    | Note
-------+----------+-------------------------------------------
     0 | D:1      | snetch the Hill Orc Fighter began the quest for the Orb.
     0 | D:1      | Reached XP level 1. HP: 19/19 MP: 1/1
   244 | D:1      | Reached XP level 2. HP: 27/27 MP: 2/2
   621 | D:1      | Reached XP level 3. HP: 33/33 MP: 3/3
  1177 | D:2      | Reached XP level 4. HP: 38/40 MP: 4/4
  1547 | D:2      | Slain by a gnoll

Illustrated notes

Levels and vault maps discovered:
D:1:      erik_arrival_triangle_medium, layout_basic
D:2:      layout_rooms, kennysheep_generic_room_10
D:3:      layout_basic, ebering_ecumenical_altar_webs, nicolae_grassy_gnolls

Skill      XL: |  1  2  3 |
---------------+----------+-----
Fighting       | 4 |  4.4
Axes           | 3 |  3.3
Armour         | 4 |  4.1
Stealth        | |  0.8
Shields        | |  3.7

Action                   |  1- 3 |  4- 6 || total
-------------------------+-------+-------++-------
Melee: War axe           |    57 |    13 ||    70
Throw: Dart              |     2 |       ||     2
Armor: Scale mail        |    23 |    10 ||    33
Dodge: Dodged            |    34 |     9 ||    43

Table legend: (Time is in decaauts)
 A = Elapsed time spent in this place.
 B = Non-inter-level travel time spent in this place.
 C = Inter-level travel time spent in this place.
 D = Time resting spent in this place.
 E = Time spent auto-exploring this place.
 F = Levels seen in this place.
 G = Mean time per level.
                   A        B        C        D        E       F      G
               +--------+--------+--------+--------+--------+-----+--------+
         Total |   1574 |   1524 |     50 |      3 |   1073 |   3 |  524.7 |
       Dungeon |   1574 |   1524 |     50 |      3 |   1073 |   3 |  524.7 |
               +--------+--------+--------+--------+--------+-----+--------+

Top non-repeatable levels by time:
     D:1: 993 daAuts
     D:2: 541 daAuts
     D:3: 40 daAuts
